 Dungeon Sprint DCSS version 0.28.0 (webtiles) character file.

Game seed: 16731687626928761209

1565 boopmooplesden the Fighter (level 8, -1/85 HPs)
             Began as a Minotaur Fighter on Feb 14, 2022.
             Was an Initiate of Okawaru.
             Slain by a polar bear (9 damage)
             ... in the Dungeon (Sprint II: "The Violet Keep of Menkaure").
             The game lasted 00:03:11 (727 turns).

boopmooplesden the Fighter (Minotaur Fighter)        Turns: 727, Time: 00:03:11

Health: -1/85      AC: 15    Str: 23    XL:     8   Next: 59%
Magic:  7/7        EV: 10    Int: 12    God:    Okawaru [......]
Gold:   272        SH:  6    Dex:  8    Spells: 7/7 levels left

rFire   . . .      SeeInvis .   a - +0 long sword
rCold   . . .      Faith    .   c - +0 buckler
rNeg    . . .      Spirit   .   d - +2 scale mail of Thoughtfulness {Rampage Int+7 Dex-2}
rPois   .          Reflect  .   (helmet restricted)
rElec   .          Harm     .   k - +1 cloak
rCorr   .          Rampage  +   l - +0 pair of gloves
Will    .....      NoTele   +   (no boots)
Stlth   ..........              (no amulet)
HPRegen 0.24/turn               (no ring)
MPRegen 0.10/turn               (no ring)

@: on berserk cooldown, slowed, very slow
A: horns 2, retaliatory headbutt
a: Renounce Religion


You were in the Dungeon.
You worshipped Okawaru.
Okawaru was noncommittal.
You visited 1 branch You collected 729 gold pieces.
You spent 457 gold pieces at shops.

Inventory:

Hand Weapons
 a - a +0 long sword (weapon)
Armour
 b - a +0 scale mail
 c - a +0 buckler (worn)
 d - the +2 scale mail of Thoughtfulness (worn) {Rampage Int+7 Dex-2}
   (You bought it in a shop in the Dungeon)

   Int:       It affects your intelligence (+7).
   Dex:       It affects your dexterity (-2).
   Rampage:   It bestows one free step when moving towards enemies.
 k - a +1 cloak (worn)
 l - a +0 pair of gloves (worn)
Scrolls
 j - a scroll of blinking
Potions
 e - a potion of curing
 g - a potion of haste
 h - 2 potions of magic


   Skills:
 + Level 12.5 Fighting
 + Level 11.6 Long Blades
 + Level 12.0 Armour
 + Level 1.6 Dodging
 + Level 11.8 Shields


You had 7 spell levels left.
You didn't know any spells.
Your spell library was empty.

Dungeon Overview and Level Annotations

Branches:
Dungeon (1/1)

Altars:
Cheibriados
Dithmenos
Elyvilon
Fedhas
Gozag
Hepliaklqana
Kikubaaqudgha
Makhleb
Nemelex Xobeh
Okawaru
Qazlal
Ru
Sif Muna
Trog
Uskayaw
Vehumet
Wu Jian
Xom
Yredelemnul
Zin
The Shining One
Beogh
Jiyva
Lugonu

Shops:
D [::[*![(=(:=?!*

Annotations:
D exclusion: oklob plant


Innate Abilities, Weirdness & Mutations

You have a pair of horns on your head.
You reflexively headbutt those who attack you in melee.


Message History

The polar bear bites you but does no damage.
The polar bear claws you but does no damage. x2
You barely miss the polar bear. The polar bear closely misses you.
The polar bear claws you but does no damage. x2
The polar bear bites you!
* * * LOW HITPOINT WARNING * * *
The polar bear claws you.
* * * LOW HITPOINT WARNING * * *
The polar bear claws you but does no damage.
The polar bear bites you but does no damage.
You block the polar bear's attack.
The polar bear claws you but does no damage.
The polar bear closely misses you. You furiously retaliate!
You headbutt the polar bear.
The polar bear claws you but does no damage.
The polar bear closely misses you. You block the polar bear's attack.
The polar bear claws you but does no damage. x2
You feel much better. The polar bear bites you!
* * * LOW HITPOINT WARNING * * *
The polar bear claws you.
* * * LOW HITPOINT WARNING * * *
You block the polar bear's attack. The polar bear closely misses you.
You furiously retaliate!
You headbutt the polar bear.
The polar bear claws you but does no damage.
The polar bear completely misses you.
The polar bear bites you but does no damage.
The polar bear claws you but does no damage.
The polar bear closely misses you. The polar bear bites you.
* * * LOW HITPOINT WARNING * * *
The polar bear claws you but does no damage. x2
The polar bear misses you. You block the polar bear's attack.
The polar bear claws you but does no damage.
The polar bear bites you!
* * * LOW HITPOINT WARNING * * *
The polar bear barely misses you.
The polar bear claws you but does no damage.
You block the polar bear's attack. x2; The polar bear closely misses you.
The polar bear bites you!
You die... ## ## #. .##.#### +.### .. .. ...# ...# B#B ###..## #..# .# #+###.##..# +..# .# $$!!

##.##...#..# #..# .#▓(!($$
'.<.'##.'..####..##.#▓[!$(!)
##.##...#....###.h.##▓▓▓▓▓▓▓
##'###.##....§.≈@hy≈≈≈≈≈≈≈≈≈
#.).####≈≈...§.≈#h########+###
..#..#≈≈≈≈§≈§§§≈#)._._._.#§≈≈##
#...##≈≈≈≈≈§≈≈§≈#._._._..#≈≈≈≈##
##+##≈≈≈≈≈≈§≈§≈≈#_._._._.#§§≈≈≈#
≈≈ ≈≈≈≈≈≈≈≈≈≈≈§§#._._._._#S§§≈≈≈
++#+++#§≈≈§§≈≈§≈#.._._._.#S§§≈≈≈
. ##≈§≈###§≈#..._._._#§§§§≈§
##§≈ #§§#...._._.#§§§≈≈§


You could see 3 polar bears and a hornet.

Vanquished Creatures
  A merfolk siren (D)
  A yaktaur (D)
  A vampire mosquito (D)
  Menkaure (D)
  A water moccasin (D)
  4 necrophages (D)
  4 scorpions (D)
13 creatures vanquished.

Notes
Turn   | Place    | Note
-------+----------+-------------------------------------------
     0 | D        | boopmooplesden the Minotaur Fighter began the quest for the
                  | Orb.
     0 | D        | Reached XP level 1. HP: 19/19 MP: 0/0
     1 | D        | Noticed a boulder beetle
     1 | D        | Noticed a boulder beetle
     5 | D        | Noticed a necrophage
     5 | D        | Noticed a necrophage
     5 | D        | Noticed a necrophage
     5 | D        | Noticed a necrophage
    12 | D        | Killed a necrophage
    13 | D        | Reached XP level 2. HP: 14/31 MP: 1/1
    13 | D        | Reached XP level 3. HP: 17/38 MP: 2/2
    13 | D        | Reached XP level 4. HP: 21/45 MP: 3/3
    17 | D        | Killed a necrophage
    18 | D        | Reached skill level 5 in Long Blades
    18 | D        | Reached XP level 5. HP: 26/53 MP: 4/4
    20 | D        | Killed a necrophage
    26 | D        | Killed a necrophage
    27 | D        | Reached XP level 6. HP: 23/64 MP: 5/5
   233 | D        | Noticed a merfolk siren
   248 | D        | Killed a merfolk siren
   249 | D        | Reached skill level 10 in Armour
   249 | D        | Reached skill level 10 in Shields
   249 | D        | Reached XP level 7. HP: 74/74 MP: 6/6
   279 | D        | Found Giocw's General Store.
   280 | D        | Found Zuskag's Distillery.
   280 | D        | Found Paul's Jewellery Shop.
   280 | D        | Found Ozxiy's Antique Weapon Boutique.
   280 | D        | Found Wif Luo's Book Boutique.
   280 | D        | Found Pehotu's Antique Weapon Shop.
   280 | D        | Found Xyghu's Jewellery Shop.
   281 | D        | Found Miaffeek's Armour Shop.
   281 | D        | Found Jaetanuig's Distillery.
   281 | D        | Noticed an ice dragon
   282 | D        | Found Koazyr's Magic Scroll Boutique.
   287 | D        | Noticed Menkaure
   301 | D        | Killed Menkaure
   302 | D        | Reached skill level 10 in Long Blades
   302 | D        | Reached XP level 8. HP: 10/83 MP: 7/7
   616 | D        | Found Cept's General Store.
   616 | D        | Found Puehan's Antique Armour Boutique.
   616 | D        | Noticed an oklob plant
   617 | D        | Found Kebu Jel's Book Shop.
   617 | D        | Found Ytohi's Antique Armour Boutique.
   617 | D        | Found Olipib's Book Shoppe.
   619 | D        | Noticed a polar bear
   621 | D        | Noticed a polar bear
   631 | D        | Bought a fine scale mail for 225 gold pieces
   631 | D        | Identified the +2 scale mail of Thoughtfulness {Rampage
                  | Int+7 Dex-2} (You bought it in a shop in the Dungeon)
   631 | D        | Bought a glowing cloak for 187 gold pieces
   656 | D        | Reached skill level 1 in Dodging
   661 | D        | Bought a +0 pair of gloves for 45 gold pieces
   694 | D        | Found a hazy altar of Hepliaklqana.
   694 | D        | Found a snail-covered altar of Cheibriados.
   695 | D        | Found a stormy altar of Qazlal.
   695 | D        | Found a viscous altar of Jiyva.
   695 | D        | Found a shadowy altar of Dithmenos.
   696 | D        | Found a sacrificial altar of Ru.
   696 | D        | Found an ancient bone altar of Kikubaaqudgha.
   696 | D        | Found a white marble altar of Elyvilon.
   697 | D        | Found an ornate altar of the Wu Jian Council.
   697 | D        | Found a shimmering blue altar of Sif Muna.
   697 | D        | Found a corrupted altar of Lugonu.
   697 | D        | Found a blossoming altar of Fedhas.
   698 | D        | Found a shimmering altar of Xom.
   698 | D        | Found a bloodstained altar of Trog.
   698 | D        | Found a burning altar of Makhleb.
   699 | D        | Found a glowing golden altar of the Shining One.
   699 | D        | Found a basalt altar of Yredelemnul.
   699 | D        | Found a hide-covered altar of Uskayaw.
   700 | D        | Noticed a polar bear
   701 | D        | Found a glowing silver altar of Zin.
   701 | D        | Found a radiant altar of Vehumet.
   701 | D        | Found a sparkling altar of Nemelex Xobeh.
   701 | D        | Noticed a hornet
   701 | D        | Noticed a polar bear
   702 | D        | Found an opulent altar of Gozag.
   702 | D        | Found an iron altar of Okawaru.
   702 | D        | Noticed a yaktaur
   702 | D        | Noticed a polar bear
   710 | D        | Noticed a flying skull
   710 | D        | Noticed a flying skull
   711 | D        | Became a worshipper of Warmaster Okawaru
   721 | D        | Killed a yaktaur
   727 | D        | Slain by a polar bear

Illustrated notes

Levels and vault maps discovered:
D:        the_violet_keep_of_menkaure [sprint2_stairs_cluster_1,
          sprint2_shoproom, sprint2_temple, sprint2_basic_supplies,
          sprint2_obstacle_2, sprint2_obstacle_7, sprint2_obstacle_4,
          sprint2_obstacle_5, sprint2_obstacle_6, sprint2_timed_cluster_1,
          sprint2_smallroom_cluster_1, sprint2_smallroom_final_cluster_1,
          sprint2_transparent_cluster_1, sprint2_second_timed_cluster_1,
          sprint2_sniper_area_1, sprint2_heavy_combat_area_1,
          sprint2_mutation_trap_area_1, sprint2_forest_area_1,
          sprint2_light_combat_area_1, sprint2_behind_water_1,
          sprint2_near_end_vault_1]

Skill      XL: |  1  2  3  4  5  6  7  8 |
---------------+-------------------------+-----
Fighting       | 6 8 9 11 12 | 12.5
Long Blades    | 4 5 7 9 10 11 | 11.6
Armour         | 6 7 9 10 11 12 | 12.0
Shields        | 6 7 9 10 11 | 11.8
Dodging        | 1 |  1.6

Action                   |  1- 3 |  4- 6 |  7- 9 || total
-------------------------+-------+-------+-------++-------
Melee: Long sword        |     6 |    28 |    39 ||    73
       Headbutt          |       |     7 |     9 ||    16
  Use: Potion            |     1 |       |     2 ||     3
Armor: Scale mail        |     2 |     5 |    30 ||    37
Dodge: Dodged            |     2 |     6 |    25 ||    33
Block: Buckler           |       |     2 |    16 ||    18
